 Dungeon Crawl Stone Soup version 0.16-a0-702-gf4f471d (webtiles) character file.

6365 RobertPalmer the Covert (level 10, -4/56 HPs)
             Began as an Octopode Wanderer on Sept 20, 2014.
             Was an Initiate of Gozag.
             Killed from afar by a gargoyle (21 damage)
             ... with a stone arrow
             ... on Level 10 of the Dungeon.
             The game lasted 01:07:20 (15206 turns).

RobertPalmer the Covert (Octopode Wanderer)        Turns: 15206, Time: 01:07:20

HP  -4/56        AC  6     Str 13      XL: 10   Next: 97%
MP  20/20        EV 15     Int 13      God: Gozag
Gold 1156        SH  0     Dex 15      Spells:  4 memorised,  1 level left

rFire  . . .     SeeInvis .     a - +2 dagger (venom)
rCold  . . .     Clarity  .     (no shield)
rNeg   . . .     rCorr    .     (helmet restricted)
rPois  .         rRot     .     (no amulet)
rElec  .         Spirit   .     u - cursed ring of protection from magic
SustAb .         Warding  .     E - +5 ring of protection
rMut   .         Stasis   .     (no ring)
Gourm  .                        (no ring)
MR     +....                    (no ring)
                                (no ring)
                                (no ring)
                                (no ring)

@: about to teleport, somewhat resistant to hostile enchantments, very stealthy
A: almost no armour, amphibious, 8 rings, constrict 8, tentacle spike 1,
camouflage 1, gelatinous body 1
a: Potion Petition, Call Merchant, Bribe Branch, Renounce Religion


You were on level 10 of the Dungeon.
You worshipped Gozag.
Gozag was noncommittal.
You were not hungry.

You visited 2 branches of the dungeon, and saw 11 of its levels.

You collected 1293 gold pieces.
You paid 137 gold pieces to Gozag.


Innate Abilities, Weirdness & Mutations

You cannot wear most types of armour.
You are amphibious.
You can wear up to eight rings at the same time.
You can use your tentacles to constrict many enemies at once.
Your skin changes colour to match your surroundings (Stealth).
Your rubbery body absorbs attacks (AC +1).
One of your tentacles bears a spike.


   Skills:
   Level 1.0 Long Blades
 - Level 5.8 Dodging
 + Level 11.7 Stealth
 - Level 5.0 Shields
 - Level 1.0 Spellcasting
 - Level 8.1 Conjurations
 - Level 4.2 Charms
 - Level 4.6 Fire Magic
   Level 2.0 Air Magic
 + Level 7.1 Evocations


You had one spell level left.
You knew the following spells:

 Your Spells              Type           Power        Failure   Level  Hunger
x - Sticky Flame          Conj/Fire      ###.....     21%         4    #####..
y - Conjure Flame         Conj/Fire      ###.....     8%          3    ####...
z - Flame Tongue          Conj/Fire      ###..        1%          1    ##.....
Z - Sure Blade            Hex/Chrm       #.........   21%         2    ###....

Inventory:

Hand weapons
 a - a +2 dagger of venom (weapon)
 i - a +2 dagger of freezing
Missiles
 l - 14 poisoned needles
 m - 5 javelins of returning (quivered)
Armour
 j - a +0 buckler
Magical devices
 k - a wand of frost (8)
 n - a wand of enslavement (0)
 D - a wand of slowing (5)
 F - a wand of enslavement (6)
Comestibles
 f - 6 bread rations
 g - 4 meat rations
Scrolls
 c - 5 scrolls of teleportation
 o - a scroll of fog
 q - 2 scrolls of fear
 t - a scroll of remove curse
 v - 2 scrolls of immolation {!r}
 z - a scroll of enchant armour
 L - a scroll of magic mapping
Jewellery
 u - a cursed ring of protection from magic (left tentacle)
 E - a +5 ring of protection (right tentacle)
Potions
 d - 2 potions of brilliance
 e - a potion of cure mutation
 p - a potion of lignification {unknown}
 r - a potion of resistance
 s - 3 potions of mutation {!q}
 w - 2 potions of might {unknown}
 H - 2 potions of curing
 K - a potion of haste
Books
 y - a book of Flames
 A - a book of Geomancy
 C - a book of Maledictions
 J - a book of Necromancy
Rods
 b - a +1 rod of clouds (13/13)
   (You found it on level 9 of the Dungeon)

Dungeon Overview and Level Annotations

Branches:
Dungeon (10/15)            Temple (1/1) D:5            Lair (0/8) D:10
    Orc: D:9-12

Altars:
Ashenzari
Dithmenos
Elyvilon
Fedhas
Gozag
Kikubaaqudgha
Makhleb
Nemelex Xobeh
Ru
Yredelemnul
Zin
The Shining One

Shops:
D:7 }

Annotations:
D:2 Sigmund

#.## ####.C# ## ####..#
#..#.$#.!# .#. . #?.#..#
#........# ...C... #......
##......###... ...###.....
........###...... #......###.
....$.. ?....g ....... #..
.....#.$ .#..#. l.#..#. #..
.....## ####..#######..######
....#. #$.#@.#..#..#..#..#..
...... #........#........#..
#......###9...).###......###.
####...........###.......###.....
##..............#.........#.....)
.....####....#..#..#...#..#..#...
#....# ##...#######...#######...
##...### #...#..#..#...#..#..#...
#.....###......#.........#......


You could see a cyclops (wandering) and a gargoyle.


Message History

Zapping:
F - a wand of enslavement {zapped: 8}
Aim: a gargoyle, wielding a mace The gargoyle easily resists.
Your skill with magical items lets you calculate the power of this device...
This wand has 6 charges left.
The gargoyle hurls a stone arrow at you.
The stone arrow hits you!
* * * LOW HITPOINT WARNING * * *
Read which item? (? for menu, Esc to quit)
As you read the scroll of fear, it crumbles to dust.
You assume a fearsome visage.
The gargoyle is unaffected.
The gargoyle hits you with a mace!
* * * LOW HITPOINT WARNING * * *
Drink which item? (? for menu, Esc to quit)
You feel much better.
The gargoyle hurls a stone arrow at you.
The stone arrow misses you.
Read which item? (? for menu, Esc to quit)
As you read the scroll of teleportation, it crumbles to dust.
You feel strangely unstable. The gargoyle hits you with a mace!
* * * LOW HITPOINT WARNING * * *
Drink which item? (? for menu, Esc to quit)
Okay, then.
Read which item? (? for menu, Esc to quit)
Okay, then.
The gargoyle misses you.
The gargoyle hurls a stone arrow at you.
The stone arrow hits you!
You die...
Your body crumbles into a pile of gold.

Action                   |  1- 3 |  4- 6 |  7- 9 | 10-12 || total
-------------------------+-------+-------+-------+-------++-------
Melee: Dagger            |    72 |   132 |   296 |    97 ||   597
Throw: Javelin           |       |       |    21 |    16 ||    37
 Cast: Flame Tongue      |       |       |    44 |    19 ||    63
       Conjure Flame     |       |       |     8 |     6 ||    14
       Sticky Flame      |       |       |     5 |    11 ||    16
       Sure Blade        |       |       |     2 |     9 ||    11
Evoke: Wand              |       |     4 |    24 |    20 ||    48
       Rod               |       |       |     1 |     4 ||     5
  Use: Scroll            |     3 |     1 |    18 |     7 ||    29
       Potion            |       |     1 |     1 |     3 ||     5
 Stab: Sleeping          |    18 |    20 |    27 |    10 ||    75
       Confused          |       |     2 |     2 |     1 ||     5
       Distracted        |       |     1 |     3 |       ||     4
  Eat: Chunk             |     2 |     8 |     4 |       ||    14
       Fruit             |       |       |    11 |       ||    11
       Pizza             |       |       |     6 |     3 ||     9
       Bread ration      |       |       |     1 |     3 ||     4
       Meat ration       |       |       |       |     1 ||     1
       Royal jelly       |       |       |       |     1 ||     1

Vault maps used:
D:1:      lemuel_arrival_lava_pool, minmay_ruptured
D:2:      tgw_kikubaaqudgha, uniq_sigmund, uniq_jessica
D:3:      wad_river_or_something, fedhas_altar_fruit_tree
D:5:      minmay_temple_entry_junction2, first_bread, uniq_crazy_yiuf_cottage
D:6:      lemuel_another_geyser
D:7:      tso_metal_star, serial_shops, shop, minmay_hedge_maze,
          hangedman_decor_peaks_small, baited_tele_trap
D:8:      grunt_pizzeria
D:10:     hangedman_cross_cluster, lair_0_dummy
Temple:   grunt_circular_temple_18

Notes
Turn   | Place    | Note
--------------------------------------------------------------
     0 | D:1      | RobertPalmer, the Octopode Wanderer, began the quest for the Orb.
     0 | D:1      | Reached XP level 1. HP: 11/11 MP: 2/2
    79 | D:1      | Reached skill level 3 in Stealth
   299 | D:1      | Reached XP level 2. HP: 7/17 MP: 3/3
   511 | D:1      | Reached skill level 4 in Stealth
  1012 | D:1      | Reached XP level 3. HP: 21/21 MP: 4/4
  1223 | D:2      | Reached skill level 5 in Stealth
  1228 | D:2      | Noticed Sigmund
  1444 | D:2      | Found an ancient bone altar of Kikubaaqudgha.
  1445 | D:2      | Noticed a human
  1445 | D:2      | Noticed Jessica
  1447 | D:2      | Killed Jessica
  1448 | D:2      | Killed a human
  1697 | D:3      | Reached XP level 4. HP: 27/27 MP: 5/5
  1729 | D:3      | Reached skill level 6 in Stealth
  2261 | D:3      | Reached skill level 7 in Stealth
  2272 | D:3      | Reached XP level 5. HP: 24/31 MP: 7/7
  2566 | D:3      | Found a blossoming altar of Fedhas.
  3234 | D:4      | Reached skill level 8 in Stealth
  3498 | D:4      | Noticed an ogre
  3503 | D:4      | Killed an ogre
  3503 | D:4      | Reached skill level 9 in Stealth
  3503 | D:4      | Reached XP level 6. HP: 36/36 MP: 8/8
  3566 | D:4      | Noticed an ogre
  3571 | D:4      | Noticed an ogre
  3781 | D:4      | Noticed an orc warrior
  3928 | D:5      | Entered Level 5 of the Dungeon
  4128 | D:4      | Killed an ogre
  4128 | D:4      | Reached skill level 10 in Stealth
  4138 | D:4      | Killed an ogre
  4138 | D:4      | Reached XP level 7. HP: 41/41 MP: 9/9
  4382 | D:3      | Learned a level 1 spell: Flame Tongue
  4386 | D:3      | Learned a level 3 spell: Conjure Flame
  4391 | D:3      | Learned a level 4 spell: Sticky Flame
  4884 | D:4      | Reached skill level 1 in Conjurations
  5100 | D:4      | Killed an orc warrior
  5100 | D:4      | Reached skill level 2 in Conjurations
  5191 | D:5      | Reached skill level 3 in Conjurations
  5470 | D:5      | Found a staircase to the Ecumenical Temple.
  5535 | Temple   | Entered the Ecumenical Temple
  5714 | Temple   | Became a worshipper of Gozag Ym Sagoz the Greedy
  5739 | D:5      | Got a transparent wooden ring
  5760 | D:5      | Reached skill level 4 in Conjurations
  5760 | D:5      | Reached XP level 8. HP: 46/46 MP: 10/10
  5766 | D:5      | Identified the ring of Cruul {-Cast Dex+2 SInv} (You found it on level 5 of the Dungeon)
  6149 | D:5      | Noticed Crazy Yiuf
  6155 | D:5      | Killed Crazy Yiuf
  6383 | D:6      | Reached skill level 5 in Conjurations
  6713 | D:7      | Found Onenigya's Gadget Boutique.
  7157 | D:7      | Reached skill level 6 in Conjurations
  7162 | D:7      | Found a glowing golden altar of the Shining One.
  7623 | D:6      | Got a twisted robe
  7624 | D:6      | Identified the +1 robe "Bogangoxt" {+Fly rPois rC++ SInv} (You found it on level 6 of the Dungeon)
  7629 | D:6      | Got a faintly humming plate armour
  7630 | D:6      | Identified the cursed -2 plate armour of the Guild-Master {rPois Dex+1} (You found it on level 6 of the Dungeon)
  7905 | D:8      | Reached skill level 7 in Conjurations
  8077 | D:8      | Noticed a purple ugly thing
  8539 | D:7      | Reached skill level 8 in Conjurations
  8600 | D:8      | Reached XP level 9. HP: 51/51 MP: 11/11
  8739 | D:8      | Reached skill level 1 in Fire Magic
  8858 | D:8      | Reached skill level 2 in Fire Magic
  9097 | D:8      | Reached skill level 3 in Fire Magic
  9550 | D:8      | Reached skill level 4 in Fire Magic
 10085 | D:9      | Identified a +0 rod of clouds (11/11) (You found it on level 9 of the Dungeon)
 10147 | D:9      | Reached skill level 1 in Evocations
 10214 | D:9      | Reached skill level 2 in Evocations
 10381 | D:9      | Reached skill level 3 in Evocations
 10654 | D:9      | Reached skill level 4 in Evocations
 10871 | D:9      | Reached skill level 5 in Evocations
 11157 | D:9      | Learned a level 2 spell: Sure Blade
 11252 | D:9      | Reached skill level 2 in Charms
 11418 | D:9      | Reached skill level 3 in Charms
 11966 | D:9      | Reached skill level 4 in Charms
 11966 | D:9      | Reached XP level 10. HP: 56/56 MP: 18/18
 12085 | D:10     | Entered Level 10 of the Dungeon
 12121 | D:9      | Reached skill level 11 in Stealth
 12121 | D:9      | Reached skill level 6 in Evocations
 12393 | D:10     | Noticed a hill giant
 12414 | D:10     | Killed a hill giant
 12868 | D:9      | Reached skill level 7 in Evocations
 13622 | D:10     | Reached skill level 4 in Dodging
 14009 | D:10     | Identified a potion of resistance
 14012 | D:10     | Gained mutation: One of your tentacles bears a spike. [potion of beneficial mutation]
 14071 | D:10     | Found a staircase to the Lair.
 14136 | D:10     | Reached skill level 5 in Dodging
 14508 | D:10     | Reached skill level 2 in Shields
 14631 | D:10     | Noticed a hill giant
 14713 | D:10     | Reached skill level 3 in Shields
 14863 | D:10     | Reached skill level 4 in Shields
 14955 | D:10     | Noticed a hill giant
 14993 | D:10     | Reached skill level 5 in Shields
 15195 | D:10     | Noticed a cyclops
 15202 | D:10     | HP: 1/56 [gargoyle/mace (15)]
 15206 | D:10     | Killed from afar by a gargoyle

Vanquished Creatures
  A shadow (D:10)
  A yak (D:10)
  A deep elf mage (D:9)
  A wraith (D:10)
  3 hippogriffs
  3 wyverns
  A human (D:8)
  2 hungry ghosts (D:10)
  A steam dragon (D:9)
  2 ice beasts
  4 orc warriors
  3 black bears
  3 phantoms
  A boggart (D:10)
  7 killer bees
  A sky beast (D:10)
  5 ogres
  4 centaurs
  7 giant frogs
  3 big kobolds
  3 scorpions
  A troll zombie (D:9)
  2 crimson imps (D:7)
  2 orc priests
  2 jellies
  Crazy Yiuf (D:5)
  3 hounds
  4 orc wizards
  An iguana (D:9)
  8 worker ants
  Jessica (D:2)
  A mummy (D:7)
  10 adders
  5 shadow imps
  2 giant mites
  A worm (D:3)
  An adder skeleton (D:4)
  An ooze (D:3)
  16 orcs
  23 bats
  6 giant cockroaches
  7 goblins
  7 hobgoblins
  15 jackals
  11 quokkas
  2 ball pythons (D:3)
  9 giant geckos
  A giant gecko skeleton (D:4)
  4 giant newts
  A giant spore (D:9)
  A hobgoblin skeleton (D:8)
  20 kobolds
  An orc skeleton (D:9)
  A quokka skeleton (D:4)
  A quokka zombie (D:9)
  30 rats
  A rat zombie (D:7)
  A fungus (D:5)
261 creatures vanquished.

Vanquished Creatures (collateral kills)
  A hill giant (D:10)
  A hippogriff (D:10)
  2 killer bees
  4 kobolds
  A rat (D:10)
9 creatures vanquished.

Vanquished Creatures (others)
  A human (D:2)
  A killer bee (D:10)
  A bush (D:7)
3 creatures vanquished.

Grand Total: 273 creatures vanquished
